 Dungeon Crawl Stone Soup version 0.21.1-1-g345015fe64 (webtiles) character file.

1497 JOKERXD40 the Cleaver (level 8, -14/70 HPs)
             Began as a Hill Orc Fighter on July 9, 2018.
             Demolished by an ice beast (15 damage)
             ... on level 5 of the Dungeon.
             The game lasted 00:12:22 (4378 turns).

JOKERXD40 the Cleaver (Hill Orc Fighter)            Turns: 4378, Time: 00:12:22

Health: -14/70     AC: 16    Str: 21    XL:     8   Next: 81%
Magic:  8/8        EV:  5    Int:  8    God:
Gold:   284        SH: 10    Dex: 10    Spells: 7/7 levels left

rFire    + . .     SeeInvis .   x - +0 hand axe (venom)
rCold    x . .     Gourm    .   c - +0 shield
rNeg     . . .     Faith    .   C - +0 plate armour
rPois    .         Spirit   .   z - +1 hat
rElec    .         Reflect  .   i - +0 cloak
rCorr    .         Harm     .   (no gloves)
MR       .....                  v - +0 pair of boots (curse)
Stlth    ..........             (no amulet)
HPRegen  0.21/turn              w - ring of flight
MPRegen  0.11/turn              D - ring of fire

@: invisible
A: no striking features
a: Evoke Flight


You were on level 5 of the Dungeon.
You were hungry.

You visited 1 branch of the dungeon, and saw 6 of its levels.

You collected 284 gold pieces.

Inventory:

Hand Weapons
 x - a +0 hand axe of venom (weapon)
 A - a cursed -2 shortbow
Missiles
 a - 2 tomahawks
 l - 107 stones (quivered)
 B - 8 arrows
Armour
 c - a +0 shield (worn)
 i - a +0 cloak (worn)
 v - a cursed +0 pair of boots (worn)
 z - a +1 hat (worn)
 C - a +0 plate armour (worn)
Jewellery
 w - a ring of flight (left hand)
 D - a ring of fire (right hand)
Scrolls
 b - a scroll of enchant weapon {unknown}
 e - 8 scrolls of identify {unknown}
 h - a scroll of blinking {unknown}
 j - 2 scrolls of immolation {unknown}
 k - 3 scrolls of remove curse {unknown}
 n - a scroll of random uselessness {unknown}
 o - 3 scrolls of teleportation {unknown}
 r - 2 scrolls of amnesia {unknown}
 s - a scroll of fear {unknown}
 y - 2 scrolls of fog {unknown}
 E - a scroll of summoning {unknown}
Potions
 d - a potion of might
 g - 2 potions of brilliance
 m - a potion of mutation {unknown}
 p - a potion of invisibility
 q - a potion of lignification {unknown}
 t - a potion of flight
 u - a potion of curing {unknown}
Comestibles
 f - 10 rations


   Skills:
 + Level 6.0 Fighting
 + Level 8.5 Axes
 + Level 2.0 Throwing
 + Level 6.1 Armour
 + Level 1.6 Dodging
 + Level 0.3 Stealth
 + Level 6.1 Shields


You had 7 spell levels left.
You didn't know any spells.

Dungeon Overview and Level Annotations

Branches:
Dungeon (6/15)             Temple (0/1) D:4

Altars:
Ashenzari
Fedhas
Hepliaklqana
Okawaru
Yredelemnul


Message History

* * * LOW HITPOINT WARNING * * *
The ice beast freezes you!
You feel a terrible chill!
* * * LOW HITPOINT WARNING * * *
You slash the ice beast!
The ice beast is heavily wounded.
The ice beast barely misses you.
Your shield and plate armour prevent you from hitting the ice beast.
The ice beast is heavily wounded.
The ice beast hits you but does no damage.
Your plate armour prevents you from hitting the ice beast.
The ice beast is heavily wounded.
The ice beast hits you but does no damage.
The ice beast completely misses you.
You climb upwards.
There is a stone staircase leading down here.
You fade into invisibility!
The ice beast hits you.
* * * LOW HITPOINT WARNING * * *
The ice beast freezes you!
You feel a terrible chill!
You die...

#.#.#...##..........# ###.
#.#.#.#.######......###.#.
########.#.#.#.###.............#.
................##.......#####.#.
#######....#.#..##...............
......#....#.#..##........####.#.
......#..........######...##...#.
..........##.###.###########.####
..........'.....@............#.).
......#...##.##.Y†..##########.##
#######...##.##..............#.#.
# ######.##.....########.#.## #
#.............[...#.## #######
#####....########..... '.....#
##..........#.#... #####.#
#..#..####.#.#### # #.#
#####..#..#..#.#.#


You could see an ice beast.

Vanquished Creatures
  The ghost of aloneDruid the Chopper, a novice MiBe of Trog (D:6)
  Grinder (D:3)
  A water moccasin (D:4)
  A sky beast (D:5)
  A centaur (D:5)
  A bullfrog zombie (D:5)
  A quasit (D:5)
  A hound (D:4)
  2 centaur skeletons
  2 orc wizards (D:4)
  An iguana (D:4)
  2 worker ants
  2 hound skeletons (D:5)
  9 gnolls
  7 adders
  2 oozes
  An adder skeleton (D:4)
  4 worms
  4 dart slugs
  4 leopard geckos
  5 orcs
  6 giant cockroaches
  10 goblins
  8 hobgoblins
  17 jackals
  2 quokkas
  2 ball pythons
  8 bats
  10 rats
116 creatures vanquished.

Notes
Turn   | Place    | Note
-------+----------+-------------------------------------------
     0 | D:1      | JOKERXD40 the Hill Orc Fighter began the quest for the Orb.
     0 | D:1      | Reached XP level 1. HP: 19/19 MP: 1/1
    40 | D:1      | Reached XP level 2. HP: 27/27 MP: 2/2
   140 | D:1      | Reached skill level 3 in Axes
   151 | D:1      | Reached XP level 3. HP: 29/33 MP: 3/3
   480 | D:2      | Reached skill level 4 in Axes
   542 | D:2      | Reached XP level 4. HP: 40/40 MP: 4/4
  1230 | D:2      | Reached XP level 5. HP: 46/46 MP: 5/5
  1789 | D:3      | Reached skill level 5 in Axes
  1984 | D:3      | Noticed Grinder
  1995 | D:3      | HP: 1/47 [Grinder (6)]
  2004 | D:3      | Paralysed by Grinder for 7 turns
  2017 | D:3      | Killed Grinder
  2017 | D:3      | Reached skill level 6 in Axes
  2017 | D:3      | Reached skill level 1 in Throwing
  2017 | D:3      | Reached XP level 6. HP: 44/55 MP: 6/6
  2126 | D:3      | Found a faded altar of an unknown god.
  2183 | D:3      | Found an iron altar of Okawaru.
  2184 | D:3      | Found a basalt altar of Yredelemnul.
  2184 | D:3      | Found a hazy altar of Hepliaklqana.
  2184 | D:3      | Found a blossoming altar of Fedhas.
  2397 | D:3      | Reached XP level 7. HP: 60/60 MP: 7/7
  2718 | D:4      | Found a staircase to the Ecumenical Temple.
  2741 | D:4      | Reached skill level 5 in Fighting
  2741 | D:4      | Reached skill level 7 in Axes
  2827 | D:4      | Reached skill level 1 in Dodging
  2915 | D:4      | Found a shattered altar of Ashenzari.
  2927 | D:4      | Reached skill level 5 in Shields
  3248 | D:5      | Entered Level 5 of the Dungeon
  3310 | D:5      | Reached skill level 5 in Armour
  3547 | D:5      | Reached XP level 8. HP: 51/68 MP: 8/8
  4300 | D:6      | Noticed aloneDruid's ghost (novice MiBe)
  4365 | D:6      | Killed aloneDruid's ghost
  4365 | D:6      | Reached skill level 8 in Axes
  4372 | D:6      | HP: 1/70 [ice beast (10)]
  4378 | D:5      | HP: 1/70 [ice beast (2)]
  4378 | D:5      | Demolished by an ice beast

Skill      XL: |  1  2  3  4  5  6  7  8 |
---------------+-------------------------+-----
Axes           | 3 4 6 7 8 |  8.5
Fighting       | 4 5 6 |  6.0
Shields        | 4 5 6 |  6.1
Armour         | 4 5 6 |  6.1
Throwing       | 1 2 |  2.0
Dodging        | 1 |  1.6
Stealth        | |  0.3

Action                   |  1- 3 |  4- 6 |  7- 9 || total
-------------------------+-------+-------+-------++-------
Melee: War axe           |    94 |   135 |     6 ||   235
       Hand axe          |       |       |   210 ||   210
Throw: Stone             |     6 |    66 |    18 ||    90
  Use: Potion            |       |     3 |     5 ||     8
  Eat: Chunk             |       |     5 |     6 ||    11
Armor: Scale mail        |    54 |    76 |    65 ||   195
       Plate armour      |       |       |    37 ||    37
Dodge: Dodged            |    35 |    44 |    42 ||   121
Block: Shield            |    72 |    58 |    84 ||   214
